Unix NetHack Version 5.0.0-0 post-release - last build Jun 10 2026 00:39:30 (3ee93aec679c4c4259841fe613dc97188e26a321,branch:main).

Game began 2026-06-10 00:06:15, ended 2026-06-11 02:06:57.

Kwijibo4686, neutral female human Valkyrie

 -------------
 |...........|                             ...
 |.---.-.|O---         ---.|              --..
 |..     |@.           |...|             |....
 |[-     ---           |.|.|             |%|.-
 |.|                   |.|               ..|.|
 |+|                   |%--------------- -.|.----
 |.|                   |..%..|.........|   |........
 |.|   ---              .---.|.*.......|   -----.....
 |.|   ..|                ...-....<....|       |.[.%...
 |.-----.|                .|.|.........|        .---.%.
 |.......|                   |*........|           ....|.|
 |------.|                   -----------            ...|.-
 |...| |..                                           .....
 ---.---.-                                            ---
   |.%+...
   ------

Kwijibo4686 the Fighter     St:14 Dx:15 Co:18 In:11 Wi:9 Ch:10  Neutral
Dlvl:13 $:58 HP:0(75) Pw:23(23) AC:0  Xp:8 T:5122 

Latest messages:
 The gnome mummy hits!
 You destroy the gnome mummy!
 You see here a gnome corpse.
 The freezing sphere explodes!
 Boom!
 You are caught in the freezing sphere's explosion!
 The ettin mummy hits!
 The ettin mummy hits again!
 You miss the ettin mummy.
 You hit the ettin mummy!
 The ettin mummy hits!
 The ettin mummy hits again!
 You hit the ettin mummy!
 The ettin mummy hits!
 The ettin mummy hits again!
 You destroy the ettin mummy!
 You miss the quantum mechanic.
 The quantum mechanic hits!
 Your position suddenly seems very uncertain!
 You materialize in a different location!
 You see here a light blue spellbook.
 You see here 2 eggs.
 You see here 2 eggs.
 There are 2 eggs here; eat one? [ynq] (n) y
 This egg is delicious!
 You see here an egg.
 You see here a light blue spellbook.
 You see here a vellum spellbook.
 You see here a vellum spellbook.
 m - a vellum spellbook.
 What do you want to read? [bekmLMQ or ?*] m
 You begin to memorize the runes.
 You learn the "create monster" spell.
 What do you want to drop? [$a-mot-vB-EIK-RWX or ?*] m
 You drop a spellbook of create monster.
 You hit the kobold mummy!
 You destroy the kobold mummy!
 You see here a mummy wrapping.
 You see here a statue of an ogre tyrant.
 The statue comes to life!
 You hit the ogre queen!
 The ogre queen wields a battle-axe!
 You hit the ogre queen!
 The ogre queen swings her battle-axe.
 The ogre queen hits!
 You hit the ogre queen!
 The ogre queen swings her battle-axe.
 The ogre queen hits!
 You die...
 Do you want your possessions identified? [ynq] (y) q

Inventory:
 Coins    ('$')
  $ - 58 gold pieces
 Weapons  (')')
  C - a blessed +1 spear (weapon in right hand)
 Armor    ('[')
  u - an uncursed +1 pair of speed boots (being worn)
  c - an uncursed +3 small shield (being worn)
  D - a blessed +0 mummy wrapping (being worn)
  o - an uncursed rusty +0 chain mail (being worn)
 Comestibles  ('%')
  K - 3 uncursed food rations
  i - an uncursed fortune cookie
  N - an uncursed lizard corpse
 Scrolls  ('?')
  k - a blessed scroll of confuse monster
  L - 2 uncursed scrolls of create monster
  Q - an uncursed scroll of enchant weapon
  b - an uncursed scroll of magic mapping
  e - an uncursed scroll of teleportation
  M - 2 cursed scrolls of teleportation
 Potions  ('!')
  a - an uncursed potion of hallucination
  l - an uncursed potion of water
 Rings    ('=')
  h - an uncursed ring of free action
 Wands    ('/')
  O - a wand of digging (0:4)
  j - a wand of magic missile (0:7)
  P - a cursed wand of opening (0:0)
  v - a wand of sleep (0:2)
  R - a cursed wand of teleportation (0:1)
 Tools    ('(')
  X - an empty cursed sack
  I - an uncursed blindfold
  B - an uncursed lock pick
  E - a +0 pick-axe
  g - an uncursed skeleton key
  f - an uncursed partly used tallow candle
  t - a +0 unicorn horn
  d - an uncursed partly used wax candle
 Gems/Stones  ('*')
  W - an uncursed touchstone

Kwijibo4686 the Valkyrie's attributes:

Background:
 You were a Fighter, a level 8 human Valkyrie.
 You were neutral, on a mission for Odin
 who was opposed by Tyr (lawful) and Loki (chaotic).
 You were right-handed.
 You were in the Gnomish Mines, on level 13.
 You entered the dungeon 5122 turns ago.
 It was nighttime.
 You had 2232 experience points, 328 more were needed to attain level 9.

Basics:
 You had 0 out of 75 hit points.
 You had all 23 energy points (spell power).
 Your armor class was 0.
 Your wallet contained 58 zorkmids.
 Autopickup was on for '$?!/="' plus thrown.

Final Characteristics:
 Your strength was 14 (peak:16, limit:18/100).
 Your dexterity was 15 (limit:18).
 Your constitution was 18 (limit:18).
 Your intelligence was 11 (limit:18).
 Your wisdom was 9 (limit:18).
 Your charisma was 10 (limit:18).

Final Status:
 You weren't hungry.
 You were unencumbered.
 You were wielding a spear.
 You had expert skill with spear.

Final Attributes:
 You were piously aligned.
 You were cold resistant.
 You were stealthy.
 You were warded.
 Your spell casting was impaired by metallic armor.
 You were very fast.
 You are dead.

Miscellaneous:
 You encountered 1 bones level.
 Total elapsed playing time was 52 minutes and 49 seconds.

Major events:
 Turn
    1: Kwijibo4686 the neutral human Valkyrie entered the dungeon
  761: attained the rank of Skirmisher (level 3)
 2018: entered the Gnomish Mines
 2405: attained the rank of Fighter (level 6)
 3047: reached Mine Town
 5122: killed by an ogre queen

Spells:
 Name                 Level Category     Fail Retention
 create monster         2   clerical     100%  76%-100%

Skills:
 Fighting Skills
   bare handed combat [Unskilled]
   two weapon combat  [Unskilled]
   riding             [Unskilled]
 Weapon Skills
   dagger             [Basic]
   axe                [Unskilled]
   pick-axe           [Unskilled]
   short sword        [Unskilled]
   broadsword         [Unskilled]
   long sword         [Unskilled]
   two-handed sword   [Unskilled]
   saber              [Unskilled]
   hammer             [Unskilled]
   quarterstaff       [Unskilled]
   polearms           [Unskilled]
   spear              [Expert]
   trident            [Unskilled]
   lance              [Unskilled]
   sling              [Unskilled]
 Spellcasting Skills
   attack spells      [Unskilled]
   escape spells      [Unskilled]

Voluntary challenges:
 Character rerolling was not enabled.
 You never genocided any monsters.
 You never polymorphed an object.
 You never changed form.
 You used no wishes.
Achievements:
 You entered a shop.
 You attained the rank of Skirmisher.
 You entered the Gnomish Mines.
 You attained the rank of Fighter.
 You entered Minetown.
 You entered a temple.

 The Dungeons of Doom: levels 1 to 4
    Level 1:
    Level 2:
       A weapon shop, a fountain.
    Level 3:
       An armor shop, some fountains.
    Level 4:
       Some fountains.
       Stairs down to The Gnomish Mines.
 The Gnomish Mines: levels 5 to 13
    Level 5:
    Level 6:
    Level 7:
       A grave.
       Final resting place for
          irollones-Arc-Hum-Mal-Law, killed by a gnome king.
    Level 8:
       Some shops, a temple and an altar, some fountains.
    Level 9:
    Level 10:
    Level 11:
    Level 12:
    Level 13: <- You were here.
       Final resting place for
          you, killed by an ogre queen.


Vanquished creatures:
  a ghost
 an ettin mummy
  a large dog
  a freezing sphere
  a human mummy
 an ettin zombie
  a giant beetle
  2 gnome rulers
 an orc mummy
  2 dwarf mummies
 an owlbear
  2 lizards
  a housecat
  a blue jelly
  a white unicorn
  a gnome mummy
  a snake
  a human zombie
  a Woodland-elf
 an imp
  2 wood nymphs
  4 Mordor orcs
  a rock piercer
  4 fog clouds
  2 yellow lights
  a shrieker
 13 gnome leaders
  6 gnomish wizards
  a kobold mummy
  a gray ooze
 an elf zombie
  a ghoul
  3 giant ants
 18 dwarves
  a giant bat
  4 monkeys
  a wererat
  a werejackal
  4 coyotes
  4 hobbits
  a large kobold
  6 giant rats
  a brown mold
  2 yellow molds
  a green mold
  a red mold
 59 gnomes
  2 geckos
  6 jackals
  2 sewer rats
  2 grid bugs
  2 lichens
  6 newts
187 creatures vanquished.

No species were genocided or became extinct.

Game over:
                       ----------
                      /          \
                     /    REST    \
                    /      IN      \
                   /     PEACE      \
                  /                  \
                  |   Kwijibo4686    |
                  |      58 Au       |
                  |   killed by an   |
                  |    ogre queen    |
                  |                  |
                  |                  |
                  |       2026       |
                 *|     *  *  *      | *
        _________)/\\_//(\/(/\)/\//\/|_)_______

Farvel Kwijibo4686 the Valkyrie...

You died in The Gnomish Mines on dungeon level 13 with 9601 points,
and 58 pieces of gold, after 5122 moves.
You were level 8 with a maximum of 75 hit points when you died.

